 Dungeon Crawl Stone Soup version 0.29.0-4-gdea44cf6ec (webtiles) character file.

Game seed: 11223853397145947008

88 qw the Chopper (level 4, -1/26 HPs)
             Began as a Tengu Warper on Aug 28, 2022.
             Slain by a centaur (5 damage)
             ... on level 3 of the Dungeon.
             The game lasted 00:00:20 (2403 turns).

qw the Chopper (Tengu Warper)                       Turns: 2403, Time: 00:00:20

Health: -1/26      AC:  6    Str: 13    XL:     4   Next: 53%
Magic:  8/8        EV:  9    Int: 14    God:
Gold:   137        SH:  0    Dex: 13    Spells: 7/7 levels left

rFire   . . .      SeeInvis .   Y - +0 hand axe
rCold   . . .      Faith    .   (no shield)
rNeg    . . .      Spirit   .   f - +0 scale mail
rPois   .          Reflect  .   (helmet restricted)
rElec   .          Harm     .   (no cloak)
rCorr   .          Rampage  .   (no gloves)
Will    .....                   (boots unavailable)
Stlth   ..........              (no amulet)
HPRegen 0.08/turn               (no ring)
MPRegen 0.11/turn               (no ring)

@: no status effects
A: beak, talons 3
a: no special abilities


You were on level 3 of the Dungeon.
You visited 1 branch of the dungeon, and saw 3 of its levels.

You collected 137 gold pieces.


Innate Abilities, Weirdness & Mutations

You have a beak for a mouth.
You have claws for feet.


   Skills:
 - Level 2.0 Fighting
 + Level 5.1 Axes
 - Level 1.0 Throwing
 - Level 1.1 Armour
 - Level 2.1 Dodging
 - Level 2.0 Spellcasting
 - Level 2.4 Translocations


You had 7 spell levels left.
You didn't know any spells.
Your spell library contained the following spells:

 Spells                   Type           Power      Damage    Failure   Level
 Blink                    Tloc           16%        N/A       54%         2
 Gell's Gravitas          Tloc           8%         N/A       78%         3
 Lesser Beckoning         Tloc           8%         N/A       78%         3
 Teleport Other           Tloc           8%         N/A       78%         3
 Manifold Assault         Tloc           8%         N/A       100%        5

Inventory:

Hand Weapons
 e - a +0 whip
 Y - a +0 hand axe (weapon)
Missiles
 l - 4 boomerangs (quivered)
Armour
 f - a +0 scale mail (worn)
Scrolls
 a - a scroll of identify
 c - a scroll of immolation {unknown}
Potions
 b - a potion of flight {unknown}
 d - a potion of haste {unknown}
 g - 2 potions of curing
 h - a potion of mutation {unknown}
 i - 2 potions of attraction {unknown}
 j - a potion of heal wounds {unknown}
 k - a potion of cancellation {unknown}

Dungeon Overview and Level Annotations

Branches:
Dungeon (3/15)

Altars:


Message History

You throw a boomerang. The boomerang hits the rat.
You kill the rat!
You see here a rat corpse.
A rat comes into view.
Throw: 4 boomerangs
Press: ? - help, Q - select action Shift-Dir - straight line, f - rat You throw a boomerang.
The boomerang barely misses the rat.
Throw: 4 boomerangs
Press: ? - help, Q - select action Shift-Dir - straight line, f/p - rat You throw a boomerang.
The boomerang closely misses the rat.
You barely miss the rat. You claw the rat.
The rat is heavily wounded.
The rat bites you but does no damage.
You hit the rat.
You kill the rat!
You see here a rat corpse.
A centaur comes into view.
The centaur shouts!
The centaur wields a +0 shortbow.
The centaur shoots an arrow.
The arrow hits you!
Enter note: The centaur shoots an arrow.
The arrow hits you.
The centaur shoots an arrow.
The arrow hits you but does no damage.
The centaur unwields a +0 shortbow.
The centaur hits you. The centaur barely misses you.
You hit the centaur.
The centaur is lightly wounded.
The centaur closely misses you. The centaur completely misses you.
You hit the centaur but do no damage. You claw the centaur.
The centaur is moderately wounded.
The centaur hits you but does no damage.
The centaur completely misses you. The centaur hits you. The centaur kicks you.
You hit the centaur.
The centaur is heavily wounded.
The centaur hits you but does no damage.
The centaur kicks you but does no damage.
You hit the centaur but do no damage. You claw the centaur.
The centaur is severely wounded.
The centaur hits you. The centaur closely misses you. The centaur hits you.
You die...

#...# #.# #.###
#.#########
...#########..........
.............#.#####.
##.#########.#.# ##.##
#.#.# #...# #...# .
#...# #...#####....
#...# #.#..@c...#
#<..# #...##.####
#...# #.### .# #...#
#. .# #...##### # .#
......... ## .........
.......... .....#####


You could see a centaur.

Vanquished Creatures
  2 adders (D:2)
  A worm (D:3)
  2 dart slugs (D:2)
  An orc (D:3)
  7 ball pythons
  3 endoplasms
  2 giant cockroaches (D:1)
  5 goblins
  6 hobgoblins
  6 jackals
  2 quokkas
  5 bats
  6 kobolds
  6 rats
54 creatures vanquished.

Vanquished Creatures (others)
  7 plants (D:3)
7 creatures vanquished.

Grand Total: 61 creatures vanquished

Notes
Turn   | Place    | Note
-------+----------+-------------------------------------------
     0 | D:1      | qw the Tengu Warper began the quest for the Orb.
     0 | D:1      | Reached XP level 1. HP: 12/12 MP: 4/4
     0 | D:1      | 0 ||| qw: Version: 0.1-a-89-g26bdef1
     0 | D:1      | 0 ||| qw: Game counter: 3175
     0 | D:1      | 0 ||| qw: Always use a shield: true
     0 | D:1      | 0 ||| qw: God list: Okawaru
     0 | D:1      | 0 ||| qw: Allow faded altars: false
     0 | D:1      | 0 ||| qw: Do Orc after D:15 true
     0 | D:1      | 0 ||| qw: Do second Lair branch before Depths: true
     0 | D:1      | 0 ||| qw: Lair rune preference: random
     0 | D:1      | 0 ||| qw: Plans: Normal
     0 | D:1      | 0 ||| PLANNING D:1-11
    20 | D:1      | 20 ||| Stepping ~*~*~tactically~*~*~ (stealth).
   117 | D:1      | Reached XP level 2. HP: 17/17 MP: 6/6
   137 | D:1      | Reached skill level 3 in Axes
   288 | D:1      | 288 ||| Stepping ~*~*~tactically~*~*~ (stealth).
   487 | D:1      | Reached XP level 3. HP: 21/21 MP: 7/7
   774 | D:1      | 774 ||| UPGRADING to +0 scale mail.
   784 | D:1      | 784 ||| DROPPING +0 leather armour.
   785 | D:1      | 785 ||| READING 2 scrolls labelled VUPTON VALEM.
   786 | D:1      | 786 ||| READING scroll labelled OSSIGE PEMNORGH.
   787 | D:1      | 787 ||| DROPPING scroll of blinking.
   823 | D:2      | Reached skill level 4 in Axes
  1231 | D:2      | 1231 ||| Stepping ~*~*~tactically~*~*~ (hiding).
  1232 | D:2      | 1232 ||| Stepping ~*~*~tactically~*~*~ (hiding).
  1302 | D:2      | Reached XP level 4. HP: 16/26 MP: 8/8
  1562 | D:2      | 1562 ||| Stepping ~*~*~tactically~*~*~ (hiding).
  1898 | D:2      | 1898 ||| DRINKING 3 brown potions.
  2261 | D:3      | 2261 ||| Stepping ~*~*~tactically~*~*~ (stealth).
  2268 | D:3      | 2268 ||| Stepping ~*~*~tactically~*~*~ (stealth).
  2270 | D:3      | Reached skill level 5 in Axes
  2301 | D:3      | Found a faded altar of an unknown god.
  2397 | D:3      | Noticed a centaur
  2401 | D:3      | HP: 4/26 [centaur (3)]
  2403 | D:3      | Slain by a centaur

Levels and vault maps discovered:
D:1:      kennysheep_arrival_forest, layout_loops_ring,
          amcnicky_mini_rare_corridor_liquid
D:2:      layout_loops_ring, minmay_heptomino_h4
D:3:      layout_loops_cross, shapermc_ecumenical_altar_mp_ritualfount

Skill      XL: |  1  2  3  4 |
---------------+-------------+-----
Axes           | 3 4 5 |  5.1
Fighting       | |  2.0
Throwing       | |  1.0
Armour         | |  1.1
Dodging        | |  2.1
Spellcasting   | |  2.0
Translocations | |  2.4

Action                   |  1- 3 |  4- 6 || total
-------------------------+-------+-------++-------
Melee: Hand axe          |    84 |    50 ||   134
       Kick              |    14 |    17 ||    31
       Punch             |     2 |       ||     2
       Peck              |     5 |     2 ||     7
Throw: Boomerang         |     7 |     5 ||    12
  Use: Scroll            |     2 |       ||     2
       Potion            |       |     1 ||     1
Armor: Leather armour    |    19 |       ||    19
       Scale mail        |    16 |    19 ||    35
Dodge: Dodged            |    28 |    19 ||    47

Table legend:
 A = Non-vault XP
 B = Vault XP
 C = Vault XP percentage of total XP
 D = Non-vault monster count
 E = Vault monster count
 F = Vault count percentage of total count
                 A         B        C        D         E       F
            +---------+---------+-------+---------+---------+-------
      Total |     120 |       6 |   4.8 |      50 |       4 |   7.4
            +---------+---------+-------+---------+---------+-------
        D:1 |      42 |       0 |   0.0 |      25 |       0 |   0.0
        D:2 |      51 |       6 |  10.5 |      12 |       4 |  25.0
        D:3 |      27 |       0 |   0.0 |      13 |       0 |   0.0
            +---------+---------+-------+---------+---------+-------
